 Dungeon Crawl Stone Soup version 0.32-a0-17-gb74e046682 (webtiles) character file.

Game seed: 5673645417594778840

336 cforsyth the Trooper (level 6, -3/40 HPs)
             Began as an Oni Shapeshifter on Jan 15, 2024.
             Slain by a gnoll
             ... wielding a +0 halberd
              (7 damage)
             ... on level 4 of the Dungeon.
             The game lasted 00:03:37 (3774 turns).

cforsyth the Trooper (Oni Shapeshifter)             Turns: 3774, Time: 00:03:37

Health: -3/40      AC:  5    Str: 26    XL:     6   Next: 54%
Magic:  6/6        EV:  9    Int: 11    God:
Gold:   214        SH:  0    Dex:  8    Spells: 5/5 levels left

rFire   + . .        l - melded +2 dagger (venom)
rCold   . . .        (shield currently unavailable)
rNeg    . . .        a - melded +0 animal skin
rPois   +            (helmet currently unavailable)
rElec   .            (cloak currently unavailable)
rCorr   .            (gloves unavailable)
SInv    .            (boots unavailable)
Will    +....        (no amulet)
Stlth   +            j - ring of willpower
HPRegen 0.26/turn    k - ring of protection from fire
MPRegen 0.10/turn

%: no passive effects
@: snake-form
A: constrict, reduced hp, large, unfitting armour, (horns 1), (tough skin 1),
double potion healing, drunken brawling
a: Begin Untransformation


You were on level 4 of the Dungeon.
You were an enormous serpent.
You visited 1 branch of the dungeon, and saw 4 of its levels.

You collected 214 gold pieces.

Inventory:

Hand Weapons
 l - a +2 dagger of venom (melded)
Armour
 a - a +0 animal skin (melded)
 u - a +0 pair of gloves
Jewellery
 j - a ring of willpower (left hand)
 k - a ring of protection from fire (right hand)
 q - a +6 ring of intelligence
Talismans
 c - a beast talisman
 d - a flux talisman
 t - a serpent talisman (active)
Scrolls
 f - a scroll of immolation {unknown}
 h - 2 scrolls of teleportation {unknown}
 i - a scroll of blinking {unknown}
 m - a scroll of poison {unknown}
 o - 3 scrolls of identify {unknown}
 p - 2 scrolls of noise {unknown}
 r - a scroll of amnesia {unknown}
 v - a scroll of fear {unknown}
Potions
 b - 3 potions of lignification
 e - a potion of enlightenment {unknown}
 g - a potion of curing {unknown}
 n - a potion of degeneration {unknown}
 s - a potion of brilliance {unknown}


   Skills:
 + Level 5.9 Fighting
 - Level 1.7 Dodging
 - Level 2.9 Unarmed Combat
 + Level 5.0 Shapeshifting


You had 5 spell levels left.
You didn't know any spells.
Your spell library contained the following spells:

 Spells                   Type           Power      Damage    Failure   Level
 Teleport Other           Tloc           0%         N/A       71%         3
 Cause Fear               Hex            0%         N/A       98%         4
 Dimensional Bullseye     Hex/Tloc       0%         N/A       98%         4
 Manifold Assault         Tloc           0%         N/A       98%         4
 Summon Mana Viper        Hex/Summ       0%         N/A       100%        5


Dungeon Overview and Level Annotations

Branches:
Dungeon (4/15)
 Temple: D:4-7

Altars:
Fedhas
Kikubaaqudgha
Okawaru


Innate Abilities, Weirdness & Mutations

You are an enormous serpent.
You have a powerful constriction melee attack.
Your maximum health is decreased, since you lack skill for your form.
Your armour is entirely melded.
You are incapable of wielding weapons or throwing items.
You are too large for most types of armour.
((You have a pair of small horns on your head.))
((You have tough skin. (AC +1)))
You gain doubled healing and magic from potions.
Whenever you drink a healing potion, you attack all around you.


Message History

Found a stone staircase leading up.
Found a scroll labelled ATHIET WUETSOQ.
Natasha hisses angrily.
Natasha zaps a wand.
The puff of flame hits you. You resist.
Natasha zaps a wand.
The puff of flame hits you. You resist.
Natasha zaps a wand.
The puff of flame hits you. You resist.
You hit Natasha. You grab Natasha.
Natasha is moderately wounded.
You constrict Natasha, but do no damage.
Natasha claws you but does no damage.
You lash Natasha!
Natasha is almost dead.
You constrict Natasha.
You kill Natasha!
Natasha yowls pathetically as she dies!
Found an escape hatch in the floor.
Found a stone staircase leading down.
v - a scroll labelled ATHIET WUETSOQ
Found a whip.
b - 3 potions of lignification (gained 1)
The gnoll shouts!
A gnoll is nearby!
A hobgoblin comes into view.
The hobgoblin shouts!
The hobgoblin moves out of view.
There is a stone staircase leading up here.
You body-slam the hobgoblin!!
You kill the hobgoblin!
Found an escape hatch in the ceiling.
The gnoll attacks as it pursues you!
The gnoll hits you from afar with a +0 halberd!
The gnoll hits you with a +0 halberd!
There is a stone staircase leading up, spattered with blood here.
You lash the gnoll! Your grab misses the gnoll.
The gnoll is almost dead.
The gnoll hits you with a +0 halberd!
* * * LOW HITPOINT WARNING * * *
You barely miss the gnoll. Your grab misses the gnoll.
The gnoll is almost dead.
The gnoll hits you with a +0 halberd!
You die...

.# .# .. ##.# ### .# #
...# #. #.#... .#.# ..#
#.##.# ..#.#.# #.#
#####.##.###.....# #.#
#.......... ....
#.###.###.##.####.##.#.##
#...#.##.....#.gS........
....#.##[.#..#.###.....#<
.........................
.........................
......##....####....##.#.
......##.............. ..
###...##.........#+### #
#...#.......#..#
#..>#.......#..#


You could see a gnoll.

Vanquished Creatures
  An ogre (D:3)
  2 hounds (D:4)
  A bombardier beetle (D:3)
  Natasha (D:4)
  2 gnolls (D:4)
  3 adders
  2 dart slugs
  6 ribbon worms
  3 orcs
  6 ball pythons
  4 bats
  4 endoplasms
  4 giant cockroaches
  8 goblins
  5 hobgoblins
  8 jackals
  4 kobolds
  3 quokkas
  3 frilled lizards
  2 rats (D:2)
72 creatures vanquished.

Notes
Turn   | Place    | Note
-------+----------+-------------------------------------------
     0 | D:1      | cforsyth the Oni Shapeshifter began the quest for the Orb.
     0 | D:1      | Reached XP level 1. HP: 19/19 MP: 1/1
   385 | D:1      | Reached XP level 2. HP: 28/28 MP: 2/2
  1033 | D:2      | Reached XP level 3. HP: 36/36 MP: 3/3
  1082 | D:2      | Found an iron altar of Okawaru.
  1670 | D:2      | Reached XP level 4. HP: 43/45 MP: 4/4
  2220 | D:3      | Noticed an ogre
  2226 | D:3      | Killed an ogre
  2227 | D:3      | Reached XP level 5. HP: 46/55 MP: 5/5
  2270 | D:3      | Got Sif Muna's Reference Book on Star-crossed Location
  2474 | D:3      | Reached skill level 5 in Fighting
  2937 | D:3      | Found an ancient bone altar of Kikubaaqudgha.
  2938 | D:3      | Found a blossoming altar of Fedhas.
  3473 | D:4      | Reached XP level 6. HP: 21/66 MP: 6/6
  3661 | D:4      | Reached skill level 5 in Shapeshifting
  3701 | D:4      | Noticed Natasha
  3708 | D:4      | Killed Natasha
  3774 | D:4      | Slain by a gnoll

Illustrated notes

Levels and vault maps discovered:
D:1:      dpeg_arrival_simpleton_b, layout_loops_corners
D:2:      layout_basic, basic_altar
D:3:      minmay_chambers_of_twos, layout_basic,
          grunt_temple_overflow_growth_and_decay, minmay_between
D:4:      layout_basic, minmay_temple_entry_statues, minivault_4, st_stairs_13,
          minmay_misc_feat_chi, dreamdust_gnoll_farm, uniq_natasha

Skill      XL: |  1  2  3  4  5  6 |
---------------+-------------------+-----
Fighting       | 2 3 4 5 |  5.9
Shapeshifting  | 4 5 |  5.0
Dodging        | |  1.7
Unarmed Combat | |  2.9

Action                     |  1- 3 |  4- 6 || total
---------------------------+-------+-------++-------
  Melee: Unarmed           |    20 |    58 ||    78
         Headbutt          |    16 |     2 ||    18
         Dagger            |    82 |    20 ||   102
         Punch             |     1 |     1 ||     2
         Constrict         |       |    12 ||    12
 Armour: Animal skin       |    69 |     6 ||    75
         Skin              |       |    47 ||    47
  Dodge: Dodged            |    41 |    17 ||    58
   Form: Serpent           |       |     1 ||     1

Table legend: (Time is in decaauts)
 A = Elapsed time spent in this place.
 B = Non-inter-level travel time spent in this place.
 C = Inter-level travel time spent in this place.
 D = Time resting spent in this place.
 E = Time spent auto-exploring this place.
 F = Levels seen in this place.
 G = Mean time per level.
                   A        B        C        D        E       F      G
               +--------+--------+--------+--------+--------+-----+--------+
         Total |   3767 |   3591 |    176 |      0 |   3088 |   4 |  941.8 |
       Dungeon |   3767 |   3591 |    176 |      0 |   3088 |   4 |  941.8 |
               +--------+--------+--------+--------+--------+-----+--------+

Top non-repeatable levels by time:
     D:3: 1409 daAuts
     D:2: 1099 daAuts
     D:1: 872 daAuts
     D:4: 385 daAuts
